 Dungeon Crawl Stone Soup version 0.28.0-45-g0d030f2227 (webtiles) character file.

Game seed: 6704408302330379176

10 Mesmaeker13 the Caller (level 2, 0/17 HPs)
             Began as an Octopode Summoner on May 1, 2022.
             Slain by a quokka (5 damage)
             ... on level 1 of the Dungeon.
             The game lasted 00:00:50 (631 turns).

Mesmaeker13 the Caller (Octopode Summoner)           Turns: 631, Time: 00:00:50

Health: 0/17       AC:  1    Str:  7    XL:     2   Next: 20%
Magic:  2/5        EV: 13    Int: 17    God:
Gold:   28         SH:  0    Dex: 12    Spells: 4/5 levels left

rFire   . . .      SeeInvis .   a - +0 whip
rCold   . . .      Faith    .   (no shield)
rNeg    . . .      Spirit   .   (helmet restricted)
rPois   .          Reflect  .   (no amulet)
rElec   .          Harm     .   (no ring)
rCorr   .          Rampage  .   (no ring)
Will    .....                   (no ring)
Stlth   +++.......              (no ring)
HPRegen 0.05/turn               (no ring)
MPRegen 0.09/turn               (no ring)
                                (no ring)
                                (no ring)

@: no status effects
A: almost no armour, amphibious, 8 rings, camouflage 1, gelatinous body 1,
(nimble swimmer 1), tentacles
a: no special abilities


You were on level 1 of the Dungeon.
You visited 1 branch of the dungeon, and saw 1 of its levels.

You collected 28 gold pieces.

Inventory:

Hand Weapons
 a - a +0 whip (weapon)
Missiles
 e - 21 sling bullets
Jewellery
 c - a +6 ring of intelligence
Scrolls
 b - a scroll of identify {unknown}
 d - a scroll of noise {unknown}
Potions
 f - 2 potions of might {unknown}


   Skills:
 + Level 2.3 Dodging
 - Level 2.6 Stealth
 + Level 2.2 Spellcasting
 + Level 4.1 Summonings


You had 4 spell levels left.
You knew the following spells:

 Your Spells              Type           Power      Damage    Failure   Level
a - Summon Small Mammal   Summ           64%        N/A       3%          1

Your spell library contained the following spells:

 Spells                   Type           Power      Damage    Failure   Level
 Call Imp                 Summ           16%        N/A       5%          2
 Call Canine Familiar     Summ           16%        N/A       11%         3
 Summon Guardian Golem    Hex/Summ       8%         N/A       24%         3
 Summon Lightning Spire   Summ/Air       8%         N/A       63%         4


Dungeon Overview and Level Annotations

Branches:
Dungeon (1/15)

Altars:


Innate Abilities, Weirdness & Mutations

You cannot wear most types of armour.
You are amphibious.
You can wear up to eight rings at the same time.
Your skin changes colour to match your surroundings (Stealth+).
Your rubbery body absorbs attacks. (AC +1, EV +1)
((You are camouflaged when in or above water. (Stealth+)))
You have tentacles for arms and can constrict up to eight enemies at once.


Message History

Your quokka bites the endoplasm.
The endoplasm dies!
f - 2 orange potions You swap places.
A ball python comes into view.
Casting: Summon Small Mammal (safe; 3% risk of failure)
Confirm with . or Enter, or press ? or * to list all spells.
Casting: Summon Small Mammal (safe; 3% risk of failure)
Confirm with . or Enter, or press ? or * to list all spells.
Your rat bites the ball python!
The ball python dies!
Your rat disappears in a puff of smoke!
A quokka comes into view.
A quokka is nearby!
Your quokka disappears in a puff of smoke!
The quokka misses you.
Casting: Summon Small Mammal (safe; 3% risk of failure)
Confirm with . or Enter, or press ? or * to list all spells.
The quokka closely misses you. The quokka barely misses you.
The quokka closely misses you.
Your rat bites the quokka but does no damage.
Casting: Summon Small Mammal (safe; 3% risk of failure)
Confirm with . or Enter, or press ? or * to list all spells.
The quokka barely misses you.
Your rat bites the quokka.
The quokka completely misses you.
Your rat closely misses the quokka.
You swap places.
Your bat misses the quokka. The quokka barely misses your bat.
Your bat hits the quokka.
Casting: Summon Small Mammal (safe; 3% risk of failure)
Confirm with . or Enter, or press ? or * to list all spells.
Your bat disappears in a puff of smoke!
The quokka bites you. The quokka bites you.
Your quokka bites the quokka.
Your rat closely misses the quokka.
Casting: Summon Small Mammal (safe; 3% risk of failure)
Confirm with . or Enter, or press ? or * to list all spells.
Your quokka disappears in a puff of smoke!
The quokka bites you.
* * * LOW HITPOINT WARNING * * *
The quokka bites you.
You die...

#..... #..#.. #.....
#..... #######.#
#....< #†......#
###### #r####### #r#
#@# ###...## #.#
#......# #r#
#......# #.#
#......# ###.#
#......# #...#
#......######
#.#######...........
#.r.................
#########......[....


You could see a quokka (ally target) and 2 friendly rats.

Vanquished Creatures
  An endoplasm (D:1)
  A rat (D:1)
2 creatures vanquished.

Vanquished Creatures (collateral kills)
  3 endoplasms (D:1)
  3 ball pythons (D:1)
  A frilled lizard (D:1)
7 creatures vanquished.

Grand Total: 9 creatures vanquished

Notes
Turn   | Place    | Note
-------+----------+-------------------------------------------
     0 | D:1      | Mesmaeker13 the Octopode Summoner began the quest for the
                  | Orb.
     0 | D:1      | Reached XP level 1. HP: 11/11 MP: 3/3
   537 | D:1      | Reached XP level 2. HP: 17/17 MP: 3/5
   631 | D:1      | Slain by a quokka

Illustrated notes

Levels and vault maps discovered:
D:1:      shiori_arrival_oz, layout_basic

Action                   || total
-------------------------++-------
Melee: Whip              ||     2
 Cast: Summon Small Mamm ||    17
 Stab: Sleeping          ||     1
Dodge: Dodged            ||    13
